 Dungeon Sprint DCSS version 0.25-a0-424-g80bd347ae0 (webtiles) character file.

Game seed: 5484452120970734204, levelgen mode: deterministic

9 Baz the Skirmisher (level 2, -9/20 HPs)
             Began as a Gargoyle Fighter on Jan 20, 2020.
             Mangled by a tyrant leech (10 damage)
             ... in the Dungeon (Sprint II: "The Violet Keep of Menkaure").
             The game lasted 00:00:47 (126 turns).

Baz the Skirmisher (Gargoyle Fighter)                Turns: 126, Time: 00:00:48

Health: -9/20      AC:  9    Str: 24    XL:     2   Next: 16%
Magic:  2/2        EV:  7    Int:  8    God:
Gold:   243        SH:  9    Dex:  9    Spells: 1/1 levels left

rFire    . . .     SeeInvis .   a - +0 flail
rCold    . . .     Gourm    .   c - +0 shield
rNeg     + . .     Faith    .   b - +0 scale mail
rPois    ∞         Spirit   .   (no helmet)
rElec    +         Reflect  .   (no cloak)
rCorr    .         Harm     .   (no gloves)
MR       .....     NoTele   +   (no boots)
Stlth    ..........             (no amulet)
HPRegen  0.06/turn              (no ring)
MPRegen  0.08/turn              (no ring)

@: mighty, hasted, very quick
A: negative energy resistance 1, electricity resistance, unbreathing,
petrification resistance, rot immunity, AC +2
a: no special abilities


You were in the Dungeon.
You were not hungry.

You visited 1 branch You collected 243 gold pieces.

Inventory:

Hand Weapons
 a - a +0 flail (weapon)
Armour
 b - a +0 scale mail (worn)
 c - a +0 shield (worn)
Scrolls
 k - a scroll of blinking
Potions
 e - a potion of curing
 g - a potion of heal wounds
 i - 2 potions of magic
 j - a potion of berserk rage
Comestibles
 f - a ration
 l - 5 chunks of flesh


   Skills:
 + Level 4.1 Fighting
 + Level 2.6 Maces & Flails
 + Level 4.0 Armour
 + Level 4.0 Shields


You had one spell level left.
You didn't know any spells.
Your spell library was empty.

Dungeon Overview and Level Annotations

Branches:
Dungeon (1/1)

Altars:


Innate Abilities, Weirdness & Mutations

You are resistant to torment.
Your stone body is resilient. (AC +2)
You are immune to poison.
You resist negative energy. (rN+)
You are resistant to electric shocks. (rElec)
You can survive without breathing.
You are immune to petrification.
You are immune to rotting.


Message History

Okay, then.
The tyrant leech moves out of view.
Found 243 gold pieces.
You now have 243 gold pieces.
Okay, then.
You feel yourself speed up.
You feel very mighty all of a sudden.
You completely miss the tyrant leech. You block the tyrant leech's attack.
Your shield and scale mail prevent you from hitting the tyrant leech.
You block the tyrant leech's attack.
Your shield and scale mail prevent you from hitting the tyrant leech.
The tyrant leech bites you!
Ouch! That really hurt!
* * * LOW HITPOINT WARNING * * *
You miss the tyrant leech. You sock the tyrant leech!
The tyrant leech is lightly wounded.
The tyrant leech bites you!
Ouch! That really hurt!
You die...

## #.# #+#
###.##.##...
+.##'.<.'#
#..w##.##.w$
##@###+# ###


You could see a tyrant leech.

Vanquished Creatures
  3 worms (D)
3 creatures vanquished.

Vanquished Creatures (others)
  Menkaure (D)
  A crocodile (D)
2 creatures vanquished.

Grand Total: 5 creatures vanquished

Notes
Turn   | Place    | Note
-------+----------+-------------------------------------------
     0 | D        | Baz the Gargoyle Fighter began the quest for the Orb.
     0 | D        | Reached XP level 1. HP: 14/14 MP: 1/1
    21 | D        | Reached XP level 2. HP: 14/20 MP: 2/2
    21 | D        | Killed a crocodile
   111 | D        | Noticed a tyrant leech
   111 | D        | Noticed a tyrant leech
   111 | D        | Noticed Menkaure
   122 | D        | Killed Menkaure
   124 | D        | HP: 1/20 [tyrant leech (16)]
   126 | D        | Mangled by a tyrant leech

Levels and vault maps discovered:
D:        the_violet_keep_of_menkaure [sprint2_stairs_cluster_1,
          sprint2_shoproom, sprint2_temple, sprint2_basic_supplies,
          sprint2_obstacle_4, sprint2_obstacle_5, sprint2_obstacle_3,
          sprint2_obstacle_2, sprint2_obstacle_6, sprint2_timed_cluster_1,
          sprint2_smallroom_cluster_1, sprint2_smallroom_final_cluster_1,
          sprint2_transparent_cluster_1, sprint2_second_timed_cluster_1,
          sprint2_sniper_area_1, sprint2_heavy_combat_area_1,
          sprint2_mutation_trap_area_1, sprint2_forest_area_1,
          sprint2_light_combat_area_1, sprint2_behind_water_1,
          sprint2_near_end_vault_1]

Skill      XL: |  1  2 |
---------------+-------+-----
Fighting       | 4 |  4.1
Armour         | 4 |  4.0
Shields        | 4 |  4.0
Maces & Flails | |  2.6

Action                   || total
-------------------------++-------
Melee: Flail             ||    27
  Use: Potion            ||     2
Armor: Scale mail        ||     4
Dodge: Dodged            ||     3
Block: Shield            ||     9

Table legend:
 A = Non-vault XP
 B = Vault XP
 C = Vault XP percentage of total XP
 D = Non-vault monster count
 E = Vault monster count
 F = Vault count percentage of total count
                 A         B        C        D         E       F
            +---------+---------+-------+---------+---------+-------
      Total |       0 |      14 | 100.0 |       0 |       3 | 100.0
            +---------+---------+-------+---------+---------+-------
          D |       0 |      14 | 100.0 |       0 |       3 | 100.0
            +---------+---------+-------+---------+---------+-------
